[Event "Early-Titled-Tuesday-Blitz-February-06-2024"]
[Site "Chess.com"]
[Date "2024.02.06"]
[Round "1"]
[White "edgarhay012"]
[Black "Korchmar_Vasiliy"]
[Result "0-1"]
[WhiteElo "2369"]
[BlackElo "2702"]
[TimeControl "180+1"]
[EndTime "8:07:32 PST"]
[Termination "Korchmar_Vasiliy won by checkmate"]

1. e4 c5 2. Nc3 d6 3. d4 cxd4 4.
Qxd4 Nc6 5. Qd2 g6 6. b3 Bh6 7. f4 Nf6 8. Bb2 O-O 9. O-O-O a5 10. a4 Nb4 11. Kb1 Qb6 12. h3 Be6 13. g4 Bg7 14. f5 Bd7 15. Nge2 Rac8 16. Nf4 Rxc3 17. Qxc3 Rc8 18. Bc4 Ne8 19. Qd2 Rxc4 20. bxc4 Nd5 21. c3 Nxc3+ 22. Kc1 Na2+ 23. Kb1 Nc3+ 24. Kc1 Nxe4 25.
Nd5 Qb3 26. Qc2 Bxb2+ 27. Qxb2 Qxc4+ 28. Kb1 Bxa4 29. Rd4 Qc5 30. Nxe7+ Kf8 31. Rxe4 Nf6 32. Qxf6 Bc2+ 33. Ka1 Bxe4 34. Nxg6+ hxg6 35. Qd8+ Kg7 36. f6+ Kh7 37. Rd1 Qa3# 0-1

[Event "Early-Titled-Tuesday-Blitz-February-06-2024"]
[Site "Chess.com"]
[Date "2024.02.06"]
[Round "1"]
[White "Janosik"]
[Black "AttilaTurzo"]
[Result "1-0"]
[WhiteElo "2869"]
[BlackElo "2472"]
[TimeControl "180+1"]
[EndTime "8:07:33 PST"]
[Termination "Janosik won by resignation"]

1. d4 d5 2. c4 c6 3. Nc3 Nf6 4. e3 e6 5. Nf3 Nbd7 6. Be2 Bd6 7. O-O O-O 8. b3 b6 9. Bb2 Bb7 10. Rc1 Re8 11. Bd3 Qe7 12. Re1 Rac8 13. e4 dxe4 14.
Nxe4 Nxe4 15. Bxe4 Nf6 16. Bb1 c5 17. d5 Qc7 18.
Qd3 e5 19. Qf5 Rcd8 20. Bxe5 Bxe5 21. Rxe5 Rxe5 22. Qxe5 Qxe5 23. Nxe5 Ne8 24. f4 Nd6 25. Kf2 f6 26. Nf3 Bc8 27. h3 Kf7 28. g4 g6 29.
Re1 Bd7 30. Kg3 b5 31. cxb5 Bxb5 32. Rc1 Rc8 33. g5 c4 34. Nd4 Bd7 35. b4 Re8 36. Kf2 Ne4+ 37. Bxe4 Rxe4 38. Rxc4 Rxf4+ 39. Ke3 fxg5 40.
Rc7 Ke8 41. Rxa7 h5 42. Nc6 Bxh3 43. b5 Bg2 44. Re7+ Kf8 45. d6 Re4+ 46. Rxe4 Bxe4 47. d7 1-0

[Event "Early-Titled-Tuesday-Blitz-February-06-2024"]
[Site "Chess.com"]
[Date "2024.02.06"]
[Round "1"]
[White "SaqoChess_Twitch"]
[Black "matagordo"]
[Result "1-0"]
[WhiteElo "2592"]
[BlackElo "2238"]
[TimeControl "180+1"]
[EndTime "8:07:33 PST"]
[Termination "SaqoChess_Twitch won by resignation"]

1. d4 Nf6 2. c4 d6 3. Nc3 e5 4.
Nf3 e4 5. Nd2 Qe7 6. e3 g6 7. Be2 h5 8. Qc2 Bf5 9. b3 Bg7 10. Bb2 O-O 11. h3 Re8 12. Nd5 Nxd5 13. cxd5 h4 14. Rc1 c6 15. dxc6 Nxc6 16. d5 Ne5 17.
Qb1 Rac8 18. Rxc8 Rxc8 19. Nc4 Nd3+ 20. Bxd3 exd3 21. O-O Be4 22. Bxg7 Kxg7 23. Qb2+ Kh7 24. Qd4 Rc5 25. Nxd6 Rxd5 26. Qxe4 Qxd6 27. Qxh4+ Kg7 28. Rd1 d2 29. Qg4 Rc5 30. Kf1 Rc2 31. Qd4+ Qxd4 32.
exd4 Rxa2 33. Ke2 Rb2 34. Rxd2 Rxb3 35. d5 Kf8 36. f4 Ke7 37. f5 g5 38. d6+ Kd7 39. f6 Rb6 40. Rd5 Rxd6 41. Rxg5 Rxf6 42.
h4 Ke6 43. h5 Rh6 44. g4 b6 45. Kf3 a5 46. Rg8 Kf6 47. g5+ 1-0

[Event "Early-Titled-Tuesday-Blitz-February-06-2024"]
[Site "Chess.com"]
[Date "2024.02.06"]
[Round "1"]
[White "elchacal664"]
[Black "adotand"]
[Result "0-1"]
[WhiteElo "2489"]
[BlackElo "2887"]
[TimeControl "180+1"]
[EndTime "8:07:34 PST"]
[Termination "adotand won by resignation"]

1. e4 c5 2. Nc3 Nc6 3. f4 g6 4. Bc4 Bg7 5. Nf3 d6 6. d3 e6 7. O-O Nge7 8. Qe1 Na5 9. f5 Nxc4 10.
fxg6 Nb6 11. gxf7+ Kf8 12. Qh4 h6 13. Qh5 e5 14. a4 Be6 15. Nh4 Nd7 16. Be3 Nf6 17. Qe2 Bxf7 18. Rf2 Ng6 19. Nf5 Kg8 20. Nxg7 Kxg7 21.
Raf1 Qe7 22. Rxf6 Qxf6 23. Rxf6 Kxf6 24. Qf3+ Ke7 25. Nd5+ Bxd5 26. exd5 Raf8 27. Qh3 Rf6 28. Bf2 Rhf8 29. Bh4 Nxh4 30. Qxh4 Kd7 31. h3 Kc7 32. a5 R8f7 33. a6 b5 34. c4 Rf4 35.
Qe1 Kb6 36. cxb5 Kxb5 37. Qc1 Kxa6 38. Qa1+ Kb6 39. Qa3 a5 40. Qb3+ Rb4 41. Qc3 a4 42. Qd2 Rff4 43. g3 Rf6 44. g4 Rbf4 45. Kg2 Kb5 46. Kg3 Rf3+ 47. Kg2 R3f4 48. Qc2 Rd4 49. Qd2 Rxd5 50. Qe2 Rd4 51. h4 Rff4 52. Kg3 Rxg4+ 53. Qxg4 Rxg4+ 54. Kxg4 c4 55. Kh5 cxd3 56. Kxh6 d2 57. Kg7 d1=Q 58. h5 Qxh5 0-1

[Event "Early-Titled-Tuesday-Blitz-February-06-2024"]
[Site "Chess.com"]
[Date "2024.02.06"]
[Round "1"]
[White "invisible_s0ul"]
[Black "Caroexpert"]
[Result "1/2-1/2"]
[WhiteElo "2242"]
[BlackElo "2581"]
[TimeControl "180+1"]
[EndTime "8:07:34 PST"]
[Termination "Game drawn by repetition"]

1. e4 e5 2. Nf3 d6 3. d4 exd4 4. Nxd4 Nf6 5. Bd3 Nc6 6. Nxc6 bxc6 7. O-O Be7 8. f4 O-O 9. Nc3 d5 10. e5 Bc5+ 11. Kh1 Ng4 12. Qe1 f6 13. h3 fxe5 14. hxg4 Bxg4 15. fxe5 Rxf1+ 16. Bxf1 Qe7 17. Bf4 Rf8 18.
Qg3 Qe6 19. Be2 Bxe2 20. Nxe2 Qf5 21. Qd3 Qh5+ 22. Bh2 Rf2 23. Ng3 Qg4 24. Rf1 h5 25. Rxf2 Bxf2 26. Qf3 Qd4 27. c3 Qb6 28. Qxh5 Qxb2 29.
Qe8+ Kh7 30. Qh5+ Kg8 31. Qe8+ Kh7 32. Qh5+ Kg8 1/2-1/2

[Event "Early-Titled-Tuesday-Blitz-February-06-2024"]
[Site "Chess.com"]
[Date "2024.02.06"]
[Round "1"]
[White "Predator0608"]
[Black "lachesisQ"]
[Result "1-0"]
[WhiteElo "2545"]
[BlackElo "3078"]
[TimeControl "180+1"]
[EndTime "8:07:35 PST"]
[Termination "Predator0608 won by checkmate"]

1. e4 c5 2. Nf3 d6 3. d4 cxd4 4.
Nxd4 Nf6 5. Nc3 a6 6. Be3 Ng4 7. Bg5 h6 8. Bh4 g5 9. Bg3 Bg7 10. h3 Ne5 11. Qd2 Nbc6 12. O-O-O Nxd4 13. Qxd4 Be6 14. Nd5 Rc8 15. Kb1 O-O 16. c3 b5 17.
Qe3 Nc4 18. Bxc4 Rxc4 19. h4 g4 20. e5 Bxd5 21. Rxd5 b4 22. cxb4 Rxb4 23. b3 Qa8 24.
Qd2 Rfb8 25. Rc1 Qb7 26. Rc3 a5 27. Rxa5 Qxg2 28. Rd5 Re4 29. Kb2 Qf1 30. Rc2 Re1 31.
Ra5 Rd1 32. Qc3 dxe5 33. Ka3 Rdd8 34. Qc7 Ra8 35. Bxe5 Rxa5+ 36. Qxa5 Qd3 37. Bxg7 Kxg7 38. Qe5+ Kg8 39. Rc4 Qd2 40. Rxg4+ Kf8 41. Qh8# 1-0

[Event "Early-Titled-Tuesday-Blitz-February-06-2024"]
[Site "Chess.com"]
[Date "2024.02.06"]
[Round "1"]
[White "tsaruk_maks"]
[Black "FlemingA"]
[Result "1-0"]
[WhiteElo "2754"]
[BlackElo "2418"]
[TimeControl "180+1"]
[EndTime "8:07:36 PST"]
[Termination "tsaruk_maks won by checkmate"]

1. e4 g6 2. d4 Bg7 3. c3 d6 4. Nf3 Nf6 5. Bd3 O-O 6. O-O Nc6 7. d5 Nb8 8. Re1 c6 9. c4 Nbd7 10. Nc3 Nc5 11. h3 Nfd7 12. Bc2 a5 13. Be3 Qc7 14. Qd2 Re8 15. Rac1 a4 16. Bh6 Bh8 17. Ng5 Ne5 18.
b3 axb3 19. axb3 Qa5 20. Ra1 Qxa1 21. Rxa1 Rxa1+ 22. Kh2 Bf6 23. f4 Ned7 24. b4 Na6 25. dxc6 bxc6 26. b5 cxb5 27. cxb5 Nb4 28. Bb3 e6 29. Nxf7 Kxf7 30. e5 dxe5 31. Ne4 Be7 32. f5 gxf5 33. Ng5+ Kg6 34. Bxe6 Nc5 35. Nf3 Bxe6 36.
Nxe5+ Kf6 37. Qc3 Ne4 38. Nd7+ Kf7 39. Qg7# 1-0

[Event "Early-Titled-Tuesday-Blitz-February-06-2024"]
[Site "Chess.com"]
[Date "2024.02.06"]
[Round "1"]
[White "DarkAlekhine"]
[Black "ljuks68"]
[Result "1-0"]
[WhiteElo "2750"]
[BlackElo "2417"]
[TimeControl "180+1"]
[EndTime "8:07:36 PST"]
[Termination "DarkAlekhine won on time"]

1. e4 e6 2. d4 d5 3. Nd2 Nf6 4. e5 Nfd7 5. Bd3 c5 6. c3 Nc6 7.
Ne2 cxd4 8. cxd4 f6 9. exf6 Nxf6 10. Nf3 Bd6 11. O-O O-O 12. Bf4 Bxf4 13. Nxf4 Ne4 14. Nh5 Bd7 15. Ng3 Nxg3 16. hxg3 Qf6 17. Qd2 e5 18. Nxe5 Nxe5 19. dxe5 Qxe5 20. Rae1 Qf6 21.
Qb4 Bc6 22. Re2 Rae8 23. Rfe1 Qf7 24. f3 Rxe2 25. Rxe2 Re8 26. Rxe8+ Qxe8 27. Kf2 Qe5 28. Qc3 d4 29. Qc4+ Bd5 30. Qc8+ Kf7 31. Bxh7 Bc6 32. Qf5+ Qxf5 33. Bxf5 Kf6 34. Bd3 Ke5 35. f4+ Kd5 36.
a3 Kc5 37. g4 Bd5 38. g3 1-0

[Event "Early-Titled-Tuesday-Blitz-February-06-2024"]
[Site "Chess.com"]
[Date "2024.02.06"]
[Round "1"]
[White "Leonid_Starozhilov"]
[Black "UK_23"]
[Result "1/2-1/2"]
[WhiteElo "2732"]
[BlackElo "2421"]
[TimeControl "180+1"]
[EndTime "8:07:36 PST"]
[Termination "Game drawn by repetition"]

1. e4 e5 2. Nf3 Nf6 3. Nc3 Bb4 4.
Nxe5 O-O 5. Nd3 Bxc3 6. dxc3 Re8 7. Be2 Nxe4 8. O-O d6 9. Nf4 Nd7 10. Be3 Ndf6 11. h3 b6 12. Bf3 Bb7 13. Re1 Qd7 14. Nh5 Nxh5 15. Bxh5 Nf6 16. Bf3 Bxf3 17. Qxf3 Qb5 18. b3 Qd5 19. Qxd5 Nxd5 20. Bd2 f5 21. c4 Nf6 22. f3 Kf7 23. Kf2 Nd7 24. Bc3 a5 25. a4 Nc5 26. Rad1 g6 27. Bd4 Ne6 28.
Be3 Re7 29. h4 Rae8 30. Bg5 Nxg5 31. hxg5 Rxe1 32. Rxe1 Rxe1 33. Kxe1 f4 34. Kf2 Ke6 35.
g4 fxg3+ 36. Kxg3 Kf5 37. f4 Ke4 38. Kg4 c6 39. Kg3 d5 40. cxd5 cxd5 41. Kg4 d4 42. Kg3 d3 43. cxd3+ Kxd3 44. Kg4 Ke4 45. Kg3 Ke3 46.
Kg4 Ke4 47. Kg3 Ke3 48. Kg4 Ke4 1/2-1/2

[Event "Early-Titled-Tuesday-Blitz-February-06-2024"]
[Site "Chess.com"]
[Date "2024.02.06"]
[Round "1"]
[White "Djager97"]
[Black "Sajith_Peiris"]
[Result "1-0"]
[WhiteElo "2593"]
[BlackElo "2240"]
[TimeControl "180+1"]
[EndTime "8:07:36 PST"]
[Termination "Djager97 won on time"]

1. e4 c6 2. d4 d5 3. exd5 cxd5 4. Bd3 Nf6 5. h3 Nc6 6. c3 e6 7. Nf3 Bd6 8. O-O h6 9. Re1 O-O 10. Nbd2 b6 11. Ne5 Bb7 12. Ndf3 Ne7 13. Bf4 Rc8 14. Qd2 Ne4 15. Qe3 Nf5 16. Qe2 Re8 17. Bxe4 dxe4 18. Nd2 f6 19. Ng6 Bxf4 20. Nxf4 e5 21. Qg4 exf4 22. Qxf5 e3 23. fxe3 fxe3 24. Nf3 Qd5 25. Qd3 Re7 26. Rxe3 Rce8 27. Rxe7 Rxe7 28. b3 Qh5 29.
Re1 Rxe1+ 30. Nxe1 Qh4 31. Qe3 Kh7 32. c4 Qh5 33. d5 Qd1 34. Qd3+ Qxd3 35. Nxd3 Kg6 36. Kf2 Kf5 37. Ke3 h5 38. Kd4 g5 39. b4 Bc8 40. c5 bxc5+ 41. bxc5 g4 42. c6 gxh3 43. gxh3 Kg5 44. d6 1-0

[Event "Early-Titled-Tuesday-Blitz-February-06-2024"]
[Site "Chess.com"]
[Date "2024.02.06"]
[Round "1"]
[White "yobdc"]
[Black "roxannyzoldyck"]
[Result "1-0"]
[WhiteElo "2586"]
[BlackElo "2206"]
[TimeControl "180+1"]
[EndTime "8:07:36 PST"]
[Termination "yobdc won by resignation"]

1. c4 Nf6 2. Nc3 g6 3. e4 d6 4. d4 Bg7 5. f3 c5 6. Nge2 cxd4 7.
Nxd4 O-O 8. Be2 Nc6 9. Be3 Nd7 10. Nc2 a6 11. Qd2 Nc5 12. Rb1 e5 13. O-O Ne6 14. Rfd1 Ned4 15. Bf1 f5 16. exf5 gxf5 17. Ne2 Nxc2 18.
Qxc2 Qe7 19. Qd2 Be6 20. Nc3 Nd4 21. Re1 Qf7 22. b3 Rad8 23. Kh1 Nc6 24. Bb6 Rd7 25. Rbd1 Qg6 26. Nd5 Bh6 27. Be3 f4 28. Bg1 Kh8 29.
Bd3 Bf5 30. Bxf5 Rxf5 31. Re2 Bf8 32. Nc3 Ne7 33. Ne4 d5 34. cxd5 Rxd5 35. Qe1 Rxd1 36. Qxd1 Nc6 37. Qd7 Qf7 38. Rd2 Kg7 39. Qc8 Ne7 40.
Qxb7 Ng6 41. Rd7 Be7 42. Nd6 Qe6 43. Nxf5+ Qxf5 44. Rxe7+ Nxe7 45. Qxe7+ 1-0

[Event "Early-Titled-Tuesday-Blitz-February-06-2024"]
[Site "Chess.com"]
[Date "2024.02.06"]
[Round "1"]
[White "Schattman"]
[Black "vasblesk"]
[Result "1/2-1/2"]
[WhiteElo "2430"]
[BlackElo "2750"]
[TimeControl "180+1"]
[EndTime "8:07:38 PST"]
[Termination "Game drawn by agreement"]

1. d4 d5 2. Nf3 Nf6 3. Bf4 c5 4. e3 e6 5. Nbd2 Qb6 6. c4 Qxb2 7. Rb1 Qa3 8. cxd5 exd5 9. Bb5+ Bd7 10.
Bxd7+ Nbxd7 11. Rxb7 Qxa2 12. O-O Qa6 13. Qb1 Bd6 14.
Ne5 Bxe5 15. dxe5 Nb6 16. Rxb6 Qxb6 17. exf6 Qxb1 18. Rxb1 gxf6 19. Bd6 Rc8 20. Rb7 c4 21. Re7+ Kf8 22. Rxa7+ Kg7 23. Kf1 Rhe8 24. Ke2 Re6 25.
Bf4 Rb6 26. Ra3 Rb2 27. Ke1 c3 28. Nb3 c2 29. Nc1 Rc4 30. Kd2 d4 31. Rd3 dxe3+ 32. Bxe3 Rb1 33. Rb3 Rxb3 34. Nxb3 Rc8 35. Bd4 Kg6 36. Bc3 f5 37. Kxc2 Kg5 38. g3 Kg4 39.
Nd4 f4 40. Kd3 fxg3 41. hxg3 f5 42. Bd2 Ra8 43. Be3 Ra3+ 44. Ke2 Ra2+ 45. Kf1 1/2-1/2

[Event "Early-Titled-Tuesday-Blitz-February-06-2024"]
[Site "Chess.com"]
[Date "2024.02.06"]
[Round "1"]
[White "blitzking1729"]
[Black "Barath1308"]
[Result "1-0"]
[WhiteElo "2736"]
[BlackElo "2407"]
[TimeControl "180+1"]
[EndTime "8:07:38 PST"]
[Termination "blitzking1729 won by resignation"]

1. c4 Nf6 2. Nc3 c5 3. Nf3 Nc6 4. e3 g6 5. d4 cxd4 6. exd4 d5 7. cxd5 Nxd5 8. Qb3 Nxc3 9. Bc4 e6 10. bxc3 Na5 11. Bb5+ Bd7 12. Qb2 Be7 13. Ne5 Nc6 14. Nxd7 Qxd7 15.
Bh6 a6 16. Be2 Rc8 17. O-O Na5 18.
c4 Bf6 19. Rac1 Nc6 20. Rfd1 Nxd4 21. Kh1 Rd8 22. Bf1 Qe7 23. Qb6 Rd6 24. Qa7 b5 25.
Qxe7+ Kxe7 26. cxb5 axb5 27. Be3 Rb8 28. Rc7+ Ke8 29.
Bf4 e5 30. Be3 b4 31. Rc5 Kd7 32. Rdc1 Rc6 33. Bxd4 Rxc5 34. Bxc5 Rc8 35. Rd1+ Ke8 36.
Bb5+ 1-0

[Event "Early-Titled-Tuesday-Blitz-February-06-2024"]
[Site "Chess.com"]
[Date "2024.02.06"]
[Round "1"]
[White "Nechitaylo_Nikita"]
[Black "ozates"]
[Result "0-1"]
[WhiteElo "2305"]
[BlackElo "2631"]
[TimeControl "180+1"]
[EndTime "8:07:40 PST"]
[Termination "ozates won by checkmate"]

1. d4 Nf6 2. c4 e6 3. Nc3 Bb4 4. e3 O-O 5. Ne2 c6 6. a3 Ba5 7.
b4 Bc7 8. Ng3 d6 9. Bd3 e5 10.
O-O Nbd7 11. d5 Re8 12. Bb2 cxd5 13. cxd5 Nf8 14. Qc2 a6 15. f4 Bb6 16. fxe5 Bxe3+ 17. Kh1 Ng4 18. Nf5 Rxe5 19. Nd1 Bxf5 20. Bxf5 Nxh2 21.
Bxe5 Nxf1 22. Bh2 Qh4 23. g3 Nxg3+ 24. Kg2 Nxf5 25. Qxf5 Bd4 26. Bg3 Qf6 27. Qxf6 Bxf6 28. Rc1 Rd8 29. Rc7 Rd7 30. Rc8 h5 31. Ne3 g6 32. Nc4 Be7 33. Nb6 Rd8 34. Rc7 Bf6 35.
Rxb7 h4 36. Bh2 g5 37. Nc4 Rc8 38. Nxd6 Rc2+ 39. Kh3 g4+ 40. Kxg4 Rxh2 41. Nxf7 Rg2+ 42. Kh5 Bg7 43. d6 h3 44. d7 h2 45. Rc7 h1=Q# 0-1

[Event "Early-Titled-Tuesday-Blitz-February-06-2024"]
[Site "Chess.com"]
[Date "2024.02.06"]
[Round "1"]
[White "MaxLeto"]
[Black "Vaathi_Coming"]
[Result "0-1"]
[WhiteElo "2501"]
[BlackElo "2947"]
[TimeControl "180+1"]
[EndTime "8:07:42 PST"]
[Termination "Vaathi_Coming won by checkmate"]

1. g4 d5 2. Bg2 c6 3. h3 e5 4. d4 e4 5. c4 h5 6. g5 Bd6 7. Nc3 Ne7 8. Qb3 O-O 9. Bd2 Bc7 10. Rc1 Bb6 11. e3 h4 12. Nge2 Na6 13. Nf4 Nc7 14.
c5 Ba5 15. Nxe4 Bxd2+ 16. Nxd2 Nf5 17. Nf3 Re8 18. Kd2 Ne6 19. Nxe6 Bxe6 20. Rhg1 Rb8 21. Ne5 Ne7 22. Qa3 b6 23. f4 Qc8 24. Rh1 Nf5 25.
b3 Ng3 26. Rh2 f6 27. gxf6 gxf6 28. Ng6 bxc5 29. Qxc5 Qa6 30. Rc2 Bf5 31. Ne7+ Rxe7 32. e4 Rxe4 33. Bxe4 Nxe4+ 34. Kc1 Nxc5 35. dxc5 Bxc2 36.
Rxc2 Re8 37. Kd1 Qf1+ 38. Kd2 Qe1+ 39. Kd3 Qe3# 0-1

[Event "Early-Titled-Tuesday-Blitz-February-06-2024"]
[Site "Chess.com"]
[Date "2024.02.06"]
[Round "1"]
[White "AradNazari"]
[Black "KetiTsatsalashvili"]
[Result "1-0"]
[WhiteElo "2774"]
[BlackElo "2430"]
[TimeControl "180+1"]
[EndTime "8:07:42 PST"]
[Termination "AradNazari won on time"]

1. e4 c5 2. Nf3 d6 3. Bb5+ Nd7 4.
d4 cxd4 5. Qxd4 Nf6 6. O-O h6 7.
c4 e5 8. Qd3 Be7 9. Nc3 O-O 10.
Bxd7 Bxd7 11. b3 a6 12. a4 Rc8 13. Ba3 Rc6 14. Rfd1 Be6 15. Nxe5 dxe5 16. Qxd8 Bxd8 17. Bxf8 Ba5 18. b4 Kxf8 19. bxa5 Rxc4 20. Nd5 Nxe4 21. Nb6 Rc2 22. f3 Nc3 23. Rd8+ Ke7 24. Rb8 Ne2+ 25. Kh1 Nf4 26. g3 Nh3 27. Rxb7+ Kf6 28. Ra7 e4 29. fxe4 Nf2+ 30. Kg1 Nh3+ 31. Kf1 Rf2+ 32. Ke1 Rxh2 33. Ra3 Bg4 34. Nd5+ Ke5 35. Rxf7 Kxe4 36. Nf4 Rh1+ 37. Kd2 Rh2+ 38. Kc3 Ng5 39. Rxg7 Rh1 40.
Kb4 Rb1+ 41. Kc5 Nf3 42. Re7+ Ne5 43. Nd3 1-0

[Event "Early-Titled-Tuesday-Blitz-February-06-2024"]
[Site "Chess.com"]
[Date "2024.02.06"]
[Round "1"]
[White "Asteroxylon"]
[Black "DumbKing75"]
[Result "1-0"]
[WhiteElo "2357"]
[BlackElo "2632"]
[TimeControl "180+1"]
[EndTime "8:07:44 PST"]
[Termination "Asteroxylon won on time"]

1. e4 c5 2. Nc3 Nc6 3. g3 g6 4.
Bg2 Bg7 5. d3 e6 6. f4 d6 7. Nf3 Nge7 8. O-O Rb8 9. a4 O-O 10.
Be3 Nd4 11. Qd2 Nec6 12. Nd1 a6 13. Qf2 b5 14. axb5 axb5 15. c3 Nxf3+ 16. Bxf3 b4 17.
e5 Bb7 18. exd6 bxc3 19. bxc3 Qxd6 20. Bxc5 Qxd3 21. Bxf8 Bxf8 22. Nb2 Qb5 23. c4 Qb4 24. Ra4 Bc5 25. Rxb4 Bxf2+ 26. Kxf2 Nxb4 27. Rd1 Kg7 28. Rd7 Bxf3 29. Kxf3 Na6 30. Nd3 Rb3 31. Ke2 Rc3 32.
Ne5 Kg8 33. Rd8+ Kg7 34. Rd7 Kg8 35. Kd2 Ra3 36. Nxf7 Ra2+ 37. Ke3 Rxh2 38. Ng5 Nc5 39. Rd8+ Kg7 40. Rc8 Nd7 41. Nxe6+ Kf6 42. Ng5 h6 43. Rc6+ Ke7 44. Nf3 Kf7 45. Nxh2 1-0

[Event "Early-Titled-Tuesday-Blitz-February-06-2024"]
[Site "Chess.com"]
[Date "2024.02.06"]
[Round "1"]
[White "Cambek64"]
[Black "Denis_Makhnyov"]
[Result "0-1"]
[WhiteElo "2512"]
[BlackElo "3012"]
[TimeControl "180+1"]
[EndTime "8:07:45 PST"]
[Termination "Denis_Makhnyov won on time"]

1. e4 e5 2. Nf3 Nc6 3. Bc4 Bc5 4. c3 Nf6 5. d3 a5 6. a4 d6 7. Nbd2 O-O 8. O-O Ne7 9. Re1 Ng6 10. Nf1 c6 11. Bb3 h6 12. Ng3 Re8 13. h3 Bb6 14.
d4 Be6 15. Be3 exd4 16. Bxd4 Ne5 17. Bxe6 Rxe6 18. Nxe5 dxe5 19. Bxb6 Qxb6 20. Qc2 g6 21. Rad1 h5 22. Rd2 Kg7 23. Red1 Qc5 24. Nf1 b5 25.
axb5 cxb5 26. Ne3 a4 27. Nd5 Nh7 28. Qd3 Rc8 29. Qe3 Qc4 30. Nb6 Rxb6 31. Qxb6 Ng5 32. Qe3 Nxe4 33. Re2 Nf6 34. Rd6 Re8 35. Qg5 Ne4 36.
Rxe4 Qxe4 37. Qf6+ Kg8 38. Rd7 Rf8 39. f3 Qb1+ 40.
Kh2 Qxb2 41. Qxe5 a3 0-1

[Event "Early-Titled-Tuesday-Blitz-February-06-2024"]
[Site "Chess.com"]
[Date "2024.02.06"]
[Round "1"]
[White "Akewjon"]
[Black "esrosenberg"]
[Result "1-0"]
[WhiteElo "2756"]
[BlackElo "2421"]
[TimeControl "180+1"]
[EndTime "8:07:45 PST"]
[Termination "Akewjon won on time"]

1. Nf3 d5 2. e3 c5 3. c4 d4 4. b4 dxe3 5. fxe3 cxb4 6. d4 e5 7. Nxe5 Nf6 8. Bd3 Bd6 9. Nf3 O-O 10. O-O Bg4 11. e4 Bxf3 12. Qxf3 Nc6 13. Bb2 Bc7 14.
e5 Nxd4 15. Qh3 Bxe5 16. Rxf6 g6 17. Rf2 Qb6 18. Kf1 Nc6 19. c5 Qxc5 20. Rc2 Qd6 21.
Nd2 Bxb2 22. Nc4 Qf6+ 23. Rf2 Qc3 24. Nxb2 Rad8 25. Rc2 Qf6+ 26. Kg1 Ne5 27. Be4 b6 28. Kh1 a5 29. Qe3 Ng4 30. Qf3 Qh4 31. h3 Nf6 32.
Bc6 Nh5 33. Kh2 Rd6 34. Rf1 Rf6 35. Qd1 Qg3+ 36. Kh1 Rd6 37. Qf3 Qe5 38. Kg1 1-0

[Event "Early-Titled-Tuesday-Blitz-February-06-2024"]
[Site "Chess.com"]
[Date "2024.02.06"]
[Round "1"]
[White "GianmarcoVaR"]
[Black "Bkmzzzzz"]
[Result "1-0"]
[WhiteElo "2674"]
[BlackElo "2366"]
[TimeControl "180+1"]
[EndTime "8:07:45 PST"]
[Termination "GianmarcoVaR won by checkmate"]

1. e4 d6 2. d4 Nf6 3. Nc3 e5 4. Nf3 Nbd7 5. Bc4 Be7 6. O-O O-O 7. Re1 c6 8. a4 b6 9. h3 a6 10. Be3 Bb7 11. d5 cxd5 12. Bxd5 Nxd5 13. Nxd5 Nf6 14. Bxb6 Qd7 15. c4 Rac8 16. b3 Nxd5 17. cxd5 f5 18. Nd2 Bg5 19. Nc4 Rf6 20. Be3 f4 21. Bd2 Rg6 22.
Qf3 Rf8 23. Rac1 Bh4 24. Rc2 Bc8 25. Kf1 Qa7 26. Bb4 Be7 27. Rec1 Qb7 28. Ba3 Rg3 29.
fxg3 fxg3 30. Qxf8+ Bxf8 31. Nxd6 Qxb3 32. Rxc8 Qxa3 33.
Nf5 g6 34. R8c3 Qxa4 35. Nxg3 Qd4 36. Rc4 Qe3 37. Ne2 a5 38. R1c3 Qd2 39. Rc2 Qd1+ 40. Kf2 Bb4 41. Ng1 Kg7 42. Nf3 h5 43. Nxe5 Kf6 44.
Nf3 g5 45. Rc6+ Kf7 46. Rc7+ Kf6 47. R2c6+ Bd6 48. Rxd6# 1-0

[Event "Early-Titled-Tuesday-Blitz-February-06-2024"]
[Site "Chess.com"]
[Date "2024.02.06"]
[Round "1"]
[White "LaPiToB"]
[Black "GP9isback23"]
[Result "0-1"]
[WhiteElo "2303"]
[BlackElo "2626"]
[TimeControl "180+1"]
[EndTime "8:07:45 PST"]
[Termination "GP9isback23 won by resignation"]

1. d4 Nf6 2. c4 e6 3. Nf3 b6 4. Nc3 Bb7 5. Bg5 Bb4 6. e3 h6 7. Bxf6 Qxf6 8. Rc1 Qe7 9. Bd3 f5 10.
a3 Bxc3+ 11. Rxc3 d6 12. b4 Nd7 13. O-O O-O 14. Qe2 e5 15. dxe5 Nxe5 16. Nxe5 Qxe5 17. Rfc1 Rae8 18. Qh5 Qf6 19. c5 bxc5 20. bxc5 d5 21. c6 Bc8 22. Rc5 Be6 23. Qf3 Qe5 24. h3 f4 25. e4 dxe4 26. Rxe5 exf3 27. Rce1 Bf7 28. Re7 fxg2 29. Kxg2 Bd5+ 30. f3 Rxe7 31. Rxe7 Rf7 32. Re8+ Rf8 33. Re7 Bxc6 34. Rxc7 Rd8 35. Bc4+ Bd5 36.
Bxd5+ Rxd5 37. Rxa7 Rd2+ 38. Kf1 Kh7 39. a4 Kg6 40. a5 Ra2 41. a6 Kf6 42. Ra8 Kg5 43. a7 g6 44. Kg1 Kh5 45. h4 Kxh4 46. Rg8 Rxa7 47. Rxg6 h5 48. Rg2 Ra1+ 49. Kh2 Rf1 50. Rb2 Rxf3 51. Rg2 Rh3+ 52. Kg1 Rg3 53. Kf2 Rxg2+ 54.
Kxg2 Kg4 55. Kf2 h4 56. Kg2 h3+ 57. Kh2 Kh4 58. Kh1 Kg3 59. Kg1 f3 60. Kh1 Kf2 61. Kh2 Ke2 0-1

[Event "Early-Titled-Tuesday-Blitz-February-06-2024"]
[Site "Chess.com"]
[Date "2024.02.06"]
[Round "1"]
[White "ValentunHulka"]
[Black "rubicapa"]
[Result "1-0"]
[WhiteElo "2821"]
[BlackElo "2455"]
[TimeControl "180+1"]
[EndTime "8:07:46 PST"]
[Termination "ValentunHulka won on time"]

1. d4 d5 2. c4 e6 3. Nf3 Nf6 4. g3 dxc4 5. Bg2 Nc6 6. O-O Rb8 7. a4 a6 8. a5 b5 9. axb6 cxb6 10. Bf4 Bd6 11. Ne5 Ne7 12. Nxc4 Bxf4 13. gxf4 O-O 14. e3 Nf5 15. Ne5 Bb7 16. Bxb7 Rxb7 17. Rxa6 h5 18.
Nc3 h4 19. Qf3 Rc7 20. Kh1 Nd7 21. Nxd7 Rxd7 22. Rfa1 Rc7 23. Ra8 Rc8 24. Rxc8 Qxc8 25. d5 Qc4 26. dxe6 Qxe6 27. Qd5 Qf6 28. Rg1 Nd6 29.
Qe5 Qxe5 30. fxe5 Nc4 31. Rg4 Nxb2 32. Rxh4 Nd3 33. f4 Rc8 34. Nd5 Rc1+ 35. Kg2 b5 36.
Rh3 b4 37. e4 Rc2+ 38. Kg1 Nf2 39. Rb3 Nxe4 40. Nxb4 Rc1+ 41. Kg2 Nd2 42. Rd3 Nc4 43. Nd5 Rc2+ 44. Kg3 Nd2 45. Ne3 Ra2 46. f5 Ne4+ 47. Kf4 Nc5 48. Rd4 Nb3 49. Rd8+ Kh7 50. e6 Ra4+ 51.
Ke5 fxe6 52. fxe6 Ra5+ 53. Nd5 Nd2 54. e7 Nc4+ 55. Kd4 1-0

[Event "Early-Titled-Tuesday-Blitz-February-06-2024"]
[Site "Chess.com"]
[Date "2024.02.06"]
[Round "1"]
[White "allvim"]
[Black "YurasovMat-2012"]
[Result "0-1"]
[WhiteElo "2348"]
[BlackElo "2667"]
[TimeControl "180+1"]
[EndTime "8:07:47 PST"]
[Termination "YurasovMat-2012 won by resignation"]

1. e4 e5 2. Nf3 Nf6 3. Nxe5 d6 4.
Nf3 Nxe4 5. d4 d5 6. Bd3 Bd6 7. O-O O-O 8. h3 c5 9. c4 cxd4 10. cxd5 Nf6 11. Nxd4 Nxd5 12. Nf3 Nf4 13. Bxf4 Bxf4 14.
Nc3 Nc6 15. Nd5 Bb8 16. Re1 Be6 17. Ne3 Qf6 18. Qc2 g6 19. Ng4 Qg7 20. Bc4 Bf5 21.
Qe2 Bc7 22. Rad1 Ba5 23. Rf1 Rfe8 24. Ne3 Qf6 25. Bd5 Rad8 26. Qb5 Bb6 27. Nxf5 gxf5 28.
Bxc6 bxc6 29. Qc4 Kh8 30. Qf4 Rxd1 31. Rxd1 Re4 32. Qb8+ Kg7 33. Qg3+ Kf8 34. Qb8+ Re8 35. Qf4 Qxb2 36. Ng5 h6 37. Nh7+ Kg7 38. Qxf5 Re2 39. Rf1 Qc2 40. Qf6+ Kg8 41. Qxf7+ Kxf7 0-1

[Event "Early-Titled-Tuesday-Blitz-February-06-2024"]
[Site "Chess.com"]
[Date "2024.02.06"]
[Round "1"]
[White "platy3"]
[Black "LeoLV10"]
[Result "1-0"]
[WhiteElo "2919"]
[BlackElo "2498"]
[TimeControl "180+1"]
[EndTime "8:07:48 PST"]
[Termination "platy3 won by checkmate"]

1. e4 c6 2. Nf3 d5 3. Nc3 Bg4 4. h3 Bxf3 5. Qxf3 e6 6. d3 Nd7 7.
g3 Ne5 8. Qe2 Bb4 9. Bd2 d4 10.
Nb1 Qb6 11. f4 Nd7 12. c3 dxc3 13. Nxc3 Ne7 14. Bg2 Rd8 15. a3 Bc5 16. b4 Bd4 17. Rc1 e5 18. f5 c5 19. Bf3 cxb4 20. axb4 O-O 21. Kf1 Rc8 22. Kg2 a6 23. g4 Qxb4 24. Nd5 Qd6 25. Ne3 b5 26. g5 Rfd8 27. h4 Nc5 28.
Rhd1 Nb3 29. Rxc8 Rxc8 30. f6 Ng6 31. Nf5 Qe6 32. h5 Nxd2 33. hxg6 gxf6 34. Qxd2 hxg6 35. Nh6+ Kg7 36. Bg4 f5 37. exf5 Qc6+ 38. Bf3 Qd7 39. f6+ Kf8 40. Rc1 Bc5 41. Qc2 Qd4 42. Qa2 Rc7 43.
Qd5 Qf2+ 44. Kh3 Qe3 45. Qd8# 1-0